[Event "Titled Tuesday Blitz February 07 Late 2023"]
[White "Kleiman, Jake"]
[Black "Bacrot, Etienne"]
[WhiteFideId "2020041"]
[BlackFideId "605506"]
[WhiteElo "2399"]
[BlackElo "2667"]
[Result "0-1"]
[Round "03"]
[TimeControl "180+2"]
[Date "2023.02.07"]
[WhiteClock "0:00:19"]
[BlackClock "0:00:07"]

1. e4 c5 2. c3 Nf6 3. e5 Nd5 4. Bc4 Nb6 5. Bb3 d5 6. exd6 Qxd6 7. Nf3 Nc6 8. O-O Be6 9. Bxe6 Qxe6 10. a4 Nd5 11. d4 cxd4 12. Nxd4 Qd7 13. Re1 e6 14. Nxc6 Qxc6 15. Qd4 Qc5 16. Qg4 Nf6 17. Qg3 Qc6 18. Nd2 Bd6 19. Qh4 O-O 20. Nf3 Rac8 21. Bg5 Nd5 22. Rad1 Qc7 23. Qe4 a6 24. h3 h6 25. Bc1 Rfe8 26. Qg4 Nf6 27. Qh4 Be7 28. Ne5 Rcd8 29. Rxd8 Rxd8 30. Qc4 Qb6 31. Nf3 Bc5 32. Qe2 Qb3 33. a5 Qd5 34. Ne5 Ne4 35. Qxe4 Qxe4 36. Rxe4 Rd1+ 37. Kh2 Rxc1 38. Nd3 Bd6+ 39. g3 Rd1 40. Rd4 Be7 41. Rd7 Kf8 42. Ne5 Rxd7 43. Nxd7+ Ke8 44. Ne5 Bd8 45. Nc4 Kd7 46. Kg2 Bc7 47. Kf3 Kc6 48. b4 Kd5 49. Nd2 Be5 50. c4+ Kd4 51. Ke2 Bc7 52. Kd1 Kc3 53. b5 Bxa5 54. bxa6 bxa6 55. c5 Bc7 56. c6 Kd4 57. Kc2 Kc5 58. Kc3 Kxc6 59. Kc4 a5 60. Ne4 f5 61. Nc3 e5 62. g4 fxg4 63. hxg4 Bd8 64. Ne4 Be7 65. f3 a4 66. Nc3 a3 67. Na2 Bf8 68. Nc3 Kd6 69. Kd3 Ke6 70. Ke4 Bb4 71. Na2 Ba5 72. Nc1 Bd2 73. Na2 g6 74. Kd3 Ba5 75. Nc1 h5 76. gxh5 gxh5 77. Ke4 Bd2 78. Na2 h4 79. Kd3 h3 0-1


[Site "https://www.chess.com"]

[Event "Titled Tuesday Blitz February 07 Late 2023"]
[White "Gurevich, Dmitry"]
[Black "Grigorov, Grigor"]
[WhiteFideId "2000407"]
[BlackFideId "2907313"]
[WhiteElo "2393"]
[BlackElo "2510"]
[Result "0-1"]
[Round "03"]
[TimeControl "180+2"]
[Date "2023.02.07"]
[WhiteClock "0:00:01"]
[BlackClock "0:00:05"]

1. d4 Nf6 2. c4 e6 3. Nc3 Bb4 4. a3 Bxc3+ 5. bxc3 c5 6. e3 b6 7. Bd3 Bb7 8. f3 Nc6 9. Ne2 O-O 10. e4 Ne8 11. O-O Na5 12. d5 Nd6 13. Ng3 Naxc4 14. Bf4 Qf6 15. Nh5 Qxc3 16. Bxc4 Nxc4 17. Rc1 Qd4+ 18. Qxd4 cxd4 19. Rxc4 Ba6 20. Rc7 Bxf1 21. Kxf1 Rfd8 22. Bd6 exd5 23. exd5 Rdc8 24. Rxd7 Rd8 25. Rxd8+ Rxd8 26. Bb4 Rxd5 27. Nf4 Rb5 28. Nd3 a5 29. Bd6 f6 30. Ke2 Kf7 31. Kd2 Rb3 32. g4 Ke6 33. Bf8 g5 34. Kc2 Rc3+ 35. Kd2 Kd5 36. Be7 Kc4 37. Nb2+ Kb3 38. Nd3 Rc2+ 39. Kd1 Rc6 40. Bf8 Kc3 41. Nc1 d3 42. Be7 d2 43. Ne2+ Kd3 44. f4 Re6 45. fxg5 Rxe2 0-1


[Site "https://www.chess.com"]

[Event "Titled Tuesday Blitz February 07 Late 2023"]
[White "Dzida, Kamil"]
[Black "Demidov, Mikhail"]
[WhiteFideId "21828652"]
[BlackFideId "4197143"]
[WhiteElo "2352"]
[BlackElo "2583"]
[Result "1-0"]
[Round "03"]
[TimeControl "180+2"]
[Date "2023.02.07"]
[WhiteClock "0:00:11"]
[BlackClock "0:00:01"]

1. e4 Nf6 2. e5 Nd5 3. c4 Nb6 4. d4 d6 5. exd6 cxd6 6. Nc3 g6 7. Be3 Bg7 8. Rc1 O-O 9. b3 f5 10. Nge2 Nc6 11. d5 Ne5 12. h3 Nbd7 13. f4 Nf7 14. Nd4 Nf6 15. Be2 Qa5 16. O-O a6 17. Bf3 Bd7 18. a4 Rac8 19. Qd2 Rfe8 20. Rfe1 Qb4 21. Qd3 Qa5 22. Ne6 Bxe6 23. dxe6 Nd8 24. Nd5 Nc6 25. Bb6 Nb4 26. Qd2 Nbxd5 27. Bxa5 b6 28. cxd5 bxa5 29. Rc6 Rb8 30. Qxa5 Rxb3 31. Qxa6 h5 32. Rc8 Bh6 33. Rxe8+ Nxe8 34. Qc8 Kf8 35. a5 Bxf4 36. a6 Ra3 37. Qb7 Bd2 38. Rb1 Bf4 39. a7 Be3+ 40. Kh1 Rxa7 41. Qc8 Bd4 42. Be2 h4 43. Bb5 1-0


[Site "https://www.chess.com"]

[Event "Titled Tuesday Blitz February 07 Late 2023"]
[White "Pichot, Alan"]
[Black "Sarkar, Justin"]
[WhiteFideId "110973"]
[BlackFideId "2010011"]
[WhiteElo "2638"]
[BlackElo "2309"]
[Result "1-0"]
[Round "03"]
[TimeControl "180+2"]
[Date "2023.02.07"]
[WhiteClock "0:01:25"]
[BlackClock "0:00:34"]

1. d4 Na6 2. c4 c6 3. Nc3 Nc7 4. Bf4 Nf6 5. e4 d6 6. Be2 g6 7. h3 Bg7 8. Nf3 O-O 9. Bh2 a6 10. a4 a5 11. O-O Nd7 12. Rc1 e5 13. d5 Nc5 14. Rc2 f5 15. Nd2 fxe4 16. Ndxe4 Bf5 17. Bf3 cxd5 18. cxd5 N7a6 19. Re2 Rc8 20. Nb5 Nxe4 21. Bxe4 Nc5 22. Bxf5 gxf5 23. Rc2 Qb6 24. Qh5 Rcd8 25. b3 Nxb3 26. Rc7 Nd4 27. Qg5 1-0


[Site "https://www.chess.com"]

[Event "Titled Tuesday Blitz February 07 Late 2023"]
[White "Remolar Gallen, Jose"]
[Black "Harvey, Marcus R"]
[WhiteFideId "2215187"]
[BlackFideId "400092"]
[WhiteElo "2285"]
[BlackElo "2462"]
[Result "0-1"]
[Round "03"]
[TimeControl "180+2"]
[Date "2023.02.07"]
[WhiteClock "0:00:06"]
[BlackClock "0:00:10"]

1. e4 c5 2. Nf3 d6 3. d4 cxd4 4. Nxd4 Nf6 5. Nc3 a6 6. Bc4 e6 7. Bb3 Nbd7 8. O-O Nc5 9. f3 b5 10. Be3 Bb7 11. Qd2 Be7 12. Rad1 O-O 13. Kh1 Qd7 14. a3 Nxb3 15. Nxb3 Rac8 16. Nc5 Qc6 17. Nxb7 Qxb7 18. Ne2 d5 19. e5 Nd7 20. Bd4 a5 21. f4 b4 22. axb4 axb4 23. Ng3 g6 24. f5 exf5 25. Nxf5 gxf5 26. Rxf5 Rc6 27. Rdf1 Rg6 28. Qf2 f6 29. e6 Nb8 30. h4 Qc6 31. h5 Rg4 32. Bxf6 d4 33. Qf3 Qxf3 34. R1xf3 Rxf6 35. Rxf6 Bxf6 36. Rxf6 Nc6 37. h6 Rg6 38. Rxg6+ hxg6 39. g4 b3 0-1


[Site "https://www.chess.com"]

[Event "Titled Tuesday Blitz February 07 Late 2023"]
[White "Carlsen, Magnus"]
[Black "Talibov, Shiroghlan"]
[WhiteFideId "1503014"]
[BlackFideId "13429078"]
[WhiteElo "2853"]
[BlackElo "2359"]
[Result "1-0"]
[Round "03"]
[TimeControl "180+2"]
[Date "2023.02.07"]
[WhiteClock "0:01:54"]
[BlackClock "0:00:37"]

1. Nf3 Nf6 2. g3 g6 3. b3 Bg7 4. Bb2 O-O 5. Bg2 c5 6. c4 Nc6 7. O-O b6 8. d4 cxd4 9. Nxd4 Bb7 10. Nc3 Qc8 11. Nc2 d6 12. Rc1 Qf5 13. Nd5 Nxd5 14. cxd5 Ne5 15. Nd4 Qh5 16. Nc6 Bxc6 17. dxc6 Ng4 18. h3 Nxf2 19. Rxf2 Bxb2 20. Rc4 Rac8 21. Qd2 Be5 22. Rh4 1-0


[Site "https://www.chess.com"]

[Event "Titled Tuesday Blitz February 07 Late 2023"]
[White "Nasuta, Grzegorz"]
[Black "Kamsky, Gata"]
[WhiteFideId "1141686"]
[BlackFideId "2000024"]
[WhiteElo "2552"]
[BlackElo "2665"]
[Result "0-1"]
[Round "03"]
[TimeControl "180+2"]
[Date "2023.02.07"]
[WhiteClock "0:00:01"]
[BlackClock "0:00:33"]

1. e4 g6 2. d4 d6 3. Nf3 Bg7 4. Be3 Nf6 5. Nc3 O-O 6. Qd2 Bg4 7. Ng5 e5 8. h3 Bd7 9. Nf3 exd4 10. Nxd4 Re8 11. f3 d5 12. Nb3 dxe4 13. f4 Be6 14. Qxd8 Rxd8 15. Nc5 Bc8 16. g4 Nc6 17. Bg2 Nb4 18. Rc1 Nfd5 19. Nxd5 Nxd5 20. Rd1 Rd6 21. Bc1 f5 22. c3 b6 23. Nb3 Ba6 24. Kf2 Rad8 25. Nd4 Ne7 26. Rde1 c5 27. Nc2 Bf6 28. Ne3 Bh4+ 0-1


[Site "https://www.chess.com"]

[Event "Titled Tuesday Blitz February 07 Late 2023"]
[White "EREBUNI91"]
[Black "Rasulov, Vugar"]
[BlackFideId "13402390"]
[WhiteElo "2759"]
[BlackElo "2523"]
[Result "0-1"]
[Round "03"]
[TimeControl "180+2"]
[Date "2023.02.07"]
[WhiteClock "0:00:17"]
[BlackClock "0:01:46"]

1. e4 c5 2. Nc3 e6 3. Nf3 a6 4. g3 Nc6 5. Bg2 Nf6 6. O-O d6 7. d4 cxd4 8. Nxd4 Bd7 9. Re1 Be7 10. Nxc6 Bxc6 11. e5 dxe5 12. Bxc6+ bxc6 13. Qxd8+ Rxd8 14. Rxe5 Nd5 15. Nxd5 cxd5 16. c3 O-O 17. Bf4 Bd6 18. Re2 Bxf4 19. gxf4 g6 20. Rd1 Rb8 21. Rd4 Rb6 22. Ra4 Rfb8 23. b3 Rc8 24. Re3 Rbc6 25. Kf1 Kg7 26. Ke2 Rxc3 27. Rxa6 Rc2+ 28. Kf3 Rd2 29. Kg3 Rcc2 30. Rf3 Rxa2 31. Rb6 Kf6 32. Rb7 h5 33. h4 Ra1 34. b4 Rg1+ 35. Kh2 Rg4 36. Kh3 Rd1 37. Kh2 Rxh4+ 38. Kg2 Rg4+ 39. Kh2 Rd4 40. b5 Rdxf4 41. Rb3 Rxf2+ 42. Kh1 Rc4 43. Rb1 Rcc2 44. b6 Rh2+ 45. Kg1 Rcg2+ 46. Kf1 Rh1+ 47. Kxg2 Rxb1 48. Rb8 Kg5 0-1


[Site "https://www.chess.com"]

[Event "Titled Tuesday Blitz February 07 Late 2023"]
[White "Indjic, Aleksandar"]
[Black "Darini, Pouria"]
[WhiteFideId "911925"]
[BlackFideId "12502200"]
[WhiteElo "2618"]
[BlackElo "2401"]
[Result "0-1"]
[Round "03"]
[TimeControl "180+2"]
[Date "2023.02.07"]
[WhiteClock "0:00:11"]
[BlackClock "0:00:08"]

1. d4 Nf6 2. c4 e6 3. Nc3 Bb4 4. Qc2 d5 5. cxd5 exd5 6. Bg5 h6 7. Bh4 Be6 8. e3 Nbd7 9. Bd3 c6 10. Ne2 Bd6 11. f3 O-O 12. O-O c5 13. dxc5 Nxc5 14. Nd4 Nxd3 15. Qxd3 Be7 16. Rad1 Rc8 17. Rd2 Qb6 18. Rfd1 Rfd8 19. Qf1 a6 20. Kh1 Re8 21. a3 Qc5 22. Nce2 Bd7 23. Nf4 Ba4 24. Re1 Ne4 25. fxe4 Bxh4 26. g3 Bg5 27. exd5 Bxf4 28. Qxf4 Qxd5+ 29. e4 Qe5 30. Qxe5 Rxe5 31. Kg2 Rce8 32. Kf3 f5 33. Nxf5 Rxf5+ 34. exf5 Rxe1 35. g4 Bc6+ 36. Kf4 Re4+ 37. Kg3 Re3+ 38. Kf4 Re4+ 39. Kg3 Kf7 40. h3 Re3+ 41. Kh4 Rb3 42. Re2 Kf6 43. Re6+ Kf7 44. Re2 Bb5 45. Rc2 Ke7 46. Rd2 Bd7 47. Re2+ Kf6 48. Rd2 Be8 49. Re2 Bf7 50. Rd2 Rb6 51. b4 Rc6 52. Rd7 b5 53. Ra7 g5+ 54. Kg3 Rc3+ 55. Kh2 Rxa3 56. Rb7 Ra2+ 57. Kg1 Rg2+ 58. Kf1 Rb2 59. Rb6+ Ke5 60. Rxa6 Rxb4 61. Rxh6 Rb2 62. Ke1 b4 63. Rh7 Bd5 64. Re7+ Kf6 65. Rd7 Bg2 66. Rd3 b3 67. Re3 Bd5 68. Kd1 Rh2 69. Kc1 Rc2+ 70. Kb1 Rf2 71. Kc1 Rf3 72. Re2 Rxh3 73. Rd2 Bf7 74. Kb2 Rg3 75. Rd4 Rf3 76. Rb4 Rf2+ 77. Kb1 Rf1+ 78. Kb2 Rf2+ 79. Kb1 Rf4 80. Rb6+ Kg7 0-1


[Site "https://www.chess.com"]

[Event "Titled Tuesday Blitz February 07 Late 2023"]
[White "Makarian, Rudik"]
[Black "Haydon, David L"]
[WhiteFideId "44105681"]
[BlackFideId "415405"]
[WhiteElo "2545"]
[BlackElo "2253"]
[Result "1-0"]
[Round "03"]
[TimeControl "180+2"]
[Date "2023.02.07"]
[WhiteClock "0:00:09"]
[BlackClock "0:00:10"]

1. d4 c6 2. c4 d5 3. Nf3 Nf6 4. Nc3 e6 5. Bg5 Be7 6. e3 Nbd7 7. Bd3 O-O 8. O-O b6 9. cxd5 cxd5 10. Rc1 Bb7 11. Qe2 a6 12. Rc2 b5 13. Rfc1 Nb6 14. Ne5 Nc4 15. Nb1 Rc8 16. b3 Nxe5 17. dxe5 Nd7 18. Rxc8 Bxc8 19. Rxc8 Qxc8 20. Bxe7 Re8 21. Bd6 Nc5 22. Nd2 Nb7 23. Ba3 Qc3 24. f4 Nc5 25. Bxc5 Qxc5 26. Nf3 h6 27. Qd2 Rc8 28. Kf2 Qa3 29. Kg3 Qe7 30. h4 g6 31. a4 bxa4 32. bxa4 Rc6 33. Nd4 Rc7 34. Bxa6 g5 35. Bd3 gxh4+ 36. Kh2 Qa3 37. Nb5 Qc1 38. Qe2 Rd7 39. a5 Qa1 40. f5 Qxe5+ 41. Kg1 Qa1+ 42. Kf2 Qxa5 43. f6 Kf8 44. Qg4 Qd2+ 45. Be2 Ke8 46. Qg8# 1-0


[Site "https://www.chess.com"]

[Event "Titled Tuesday Blitz February 07 Late 2023"]
[White "Melkumyan, Hrant"]
[Black "Romanchuk, Viktor"]
[WhiteFideId "13302485"]
[BlackFideId "14109271"]
[WhiteElo "2645"]
[BlackElo "2266"]
[Result "1-0"]
[Round "03"]
[TimeControl "180+2"]
[Date "2023.02.07"]
[WhiteClock "0:00:10"]
[BlackClock "0:00:07"]

1. c4 c6 2. Nf3 d5 3. g3 Nf6 4. Bg2 Bg4 5. Qb3 Qb6 6. Ne5 Be6 7. d3 dxc4 8. Nxc4 Qxb3 9. axb3 Nbd7 10. Na5 O-O-O 11. Be3 a6 12. Nd2 Bd5 13. O-O Bxg2 14. Kxg2 Nd5 15. Rfc1 Nxe3+ 16. fxe3 e6 17. Ra4 Nb6 18. Rf4 f6 19. Ndc4 Nd5 20. Rff1 Kc7 21. e4 Ne7 22. Nd2 Nc8 23. Nf3 Bb4 24. Nc4 g6 25. Ne1 Rhf8 26. Nc2 Be7 27. Rcd1 f5 28. e5 Nb6 29. e3 Nd5 30. Kf2 Nb4 31. Nxb4 Bxb4 32. Ke2 Rf7 33. d4 Rfd7 34. Rc1 b5 35. Na3 Kb6 36. Nc2 Be7 37. b4 Ra8 38. Ra1 Rda7 39. Kd3 a5 40. bxa5+ Rxa5 41. Rxa5 Rxa5 42. g4 Ra2 43. gxf5 exf5 44. Kc3 c5 45. d5 c4 46. d6 Bg5 47. Nb4 Ra8 48. Rd1 Bxe3 49. Nd5+ Kc6 50. Nxe3 1-0


[Site "https://www.chess.com"]

[Event "Titled Tuesday Blitz February 07 Late 2023"]
[White "Korchmar, Vasiliy"]
[Black "Tari, Aryan"]
[WhiteFideId "24131750"]
[BlackFideId "1510045"]
[WhiteElo "2438"]
[BlackElo "2642"]
[Result "0-1"]
[Round "03"]
[TimeControl "180+2"]
[Date "2023.02.07"]
[WhiteClock "0:00:01"]
[BlackClock "0:00:18"]

1. e4 c6 2. d4 d5 3. e5 Bf5 4. Nd2 e6 5. Nb3 Nd7 6. Nf3 Qc7 7. Be2 f6 8. exf6 Ngxf6 9. O-O Bd6 10. c4 O-O 11. Bg5 Ne4 12. Bh4 Bg4 13. Bg3 dxc4 14. Bxc4 Ng5 15. Nxg5 Bxd1 16. Nxe6 Qc8 17. Nxf8+ Kh8 18. Bxd6 Bxb3 19. Ng6+ hxg6 20. Bxb3 Nf6 21. Rae1 Nd5 22. Re5 Qd7 23. Ba3 Nf6 24. Re3 Nd5 25. Rh3+ Kg8 26. Rg3 Qe6 27. Re3 Qg4 28. Rfe1 Qxd4 29. Re4 Qf6 30. h3 Rf8 31. f3 Rf7 32. Re6 Qd4+ 33. Kh1 Qh4 34. Re8+ Kh7 35. R1e4 Qf2 36. Re2 Qg3 37. Bc5 Rf5 38. Bf2 Qg5 39. R8e4 Rf4 40. Re5 Rf5 41. R5e4 Qc1+ 42. Kh2 Nf4 43. Bg3 Nxe2 0-1


[Site "https://www.chess.com"]

[Event "Titled Tuesday Blitz February 07 Late 2023"]
[White "Yuan, Qingyu"]
[Black "Sielecki, Christof"]
[WhiteFideId "8609772"]
[BlackFideId "4620437"]
[WhiteElo "2373"]
[BlackElo "2419"]
[Result "1-0"]
[Round "03"]
[TimeControl "180+2"]
[Date "2023.02.07"]
[WhiteClock "0:00:21"]
[BlackClock "0:00:02"]

1. e4 c5 2. Nf3 a6 3. c3 d5 4. exd5 Qxd5 5. d4 e6 6. Be3 Nd7 7. c4 Qc6 8. Nc3 Ngf6 9. Be2 b6 10. d5 exd5 11. cxd5 Qc7 12. a4 Bd6 13. O-O O-O 14. h3 Re8 15. Qc2 Bb7 16. Rad1 Re7 17. Nh4 g6 18. Nf3 Rae8 19. Rfe1 Qb8 20. Bc4 Qa8 21. Qd3 Ne5 22. Nxe5 Rxe5 23. Bd2 Rxe1+ 24. Rxe1 Rxe1+ 25. Bxe1 Be5 26. Bd2 b5 27. axb5 axb5 28. Bxb5 Qa1+ 29. Qb1 Qxb1+ 30. Nxb1 Nxd5 31. Nc3 Nxc3 32. bxc3 Bd5 33. f3 Kf8 34. Kf2 Ke7 35. Ke2 Kd6 36. Kd3 f5 37. Bh6 Be6 38. Bf8+ Kc7 39. Bxc5 Bd6 40. Bd4 Bd5 41. Be8 Be6 42. Ba4 Kd8 43. c4 Kc7 44. Kc3 Bf4 45. Be8 Bd6 46. Ba4 Bd7 47. Bc2 Bc6 48. Bb3 Bd7 49. c5 Be7 50. Bd5 Bc6 51. Bg8 h6 52. Bh7 Be8 53. Bg8 Kc6 54. Kc4 Kc7 55. Bd5 g5 56. Be5+ 1-0


[Site "https://www.chess.com"]

[Event "Titled Tuesday Blitz February 07 Late 2023"]
[White "Rustemov, Alexander"]
[Black "Cella, Glaucio Dalla Cortt"]
[WhiteFideId "4119002"]
[BlackFideId "2119455"]
[WhiteElo "2525"]
[BlackElo "1894"]
[Result "1-0"]
[Round "03"]
[TimeControl "180+2"]
[Date "2023.02.07"]
[WhiteClock "0:00:39"]
[BlackClock "0:00:09"]

1. d4 Nf6 2. c4 e5 3. dxe5 Ng4 4. Bf4 Nc6 5. Nf3 Bb4+ 6. Nbd2 Qe7 7. e3 Ngxe5 8. Nxe5 Nxe5 9. Be2 d6 10. O-O a5 11. Nb3 a4 12. a3 axb3 13. axb4 Rxa1 14. Qxa1 Be6 15. Qa4+ b5 16. Qxb5+ Qd7 17. Qb8+ Qd8 18. Qa7 Bxc4 19. Bxc4 Nxc4 20. Qd4 d5 21. Qxg7 Kd7 22. Qxf7+ Kc8 23. Ra1 Kb7 24. Qe6 Nb6 25. Qe5 Re8 26. Qc3 d4 27. Qxb3 dxe3 28. Bxe3 Re5 29. Qa3 Rd5 30. Qa6+ Kc6 31. Rc1+ Kd7 32. Bxb6 cxb6 33. Qb7+ Ke6 34. Rc6+ Ke5 35. Qg7+ Ke4 36. Qg4+ Ke5 37. Re6# 1-0


[Site "https://www.chess.com"]

[Event "Titled Tuesday Blitz February 07 Late 2023"]
[White "Ortega Amarelle, Mariano"]
[Black "Gorodetzky, David"]
[WhiteFideId "3504301"]
[BlackFideId "2813416"]
[WhiteElo "2472"]
[BlackElo "2485"]
[Result "0-1"]
[Round "03"]
[TimeControl "180+2"]
[Date "2023.02.07"]
[WhiteClock "0:00:05"]
[BlackClock "0:02:07"]

1. d4 Nf6 2. Nf3 d5 3. Bf4 c5 4. e3 Nc6 5. Nbd2 Qb6 6. dxc5 Qxb2 7. Rb1 Qc3 8. Bb5 g6 9. e4 dxe4 10. Be5 Qa5 11. Nd4 Bd7 12. Bxc6 Bxc6 13. Nxc6 bxc6 14. O-O Rd8 15. Bxf6 exf6 16. Nc4 Qxc5 17. Qe2 f5 18. Rfd1 Be7 19. Rxd8+ Bxd8 20. Rb7 O-O 21. h3 Bh4 22. g3 Bxg3 23. Kg2 Bxf2 0-1


[Site "https://www.chess.com"]

[Event "Titled Tuesday Blitz February 07 Late 2023"]
[White "Bellissimo, Joseph F."]
[Black "Stoyanov, Tsvetan"]
[WhiteFideId "2609843"]
[BlackFideId "2917173"]
[WhiteElo "2203"]
[BlackElo "2454"]
[Result "0-1"]
[Round "03"]
[TimeControl "180+2"]
[Date "2023.02.07"]
[WhiteClock "0:00:18"]
[BlackClock "0:00:18"]

1. e4 c5 2. Nf3 d6 3. d4 cxd4 4. Qxd4 a6 5. c4 Nc6 6. Qd2 Nf6 7. Nc3 g6 8. b3 Bg7 9. Bb2 O-O 10. Be2 Bd7 11. O-O Rc8 12. Rad1 Bg4 13. h3 Bxf3 14. Bxf3 Nd7 15. Be2 Nc5 16. Qe3 Qa5 17. f4 Ne6 18. f5 Qc5 19. Qxc5 Nxc5 20. Bf3 b5 21. cxb5 axb5 22. Ba1 Nd4 23. fxg6 hxg6 24. Nd5 Nc6 25. Bxg7 Kxg7 26. Be2 e6 27. Nf4 Nxe4 28. Bf3 d5 29. Bxe4 dxe4 30. Rfe1 g5 31. Nh5+ Kg6 32. Ng3 f5 33. Rd6 Kf6 34. Rd7 Ke5 35. Rg7 Rg8 36. Rb7 Nd4 37. Ne2 Nxe2+ 38. Rxe2 Rc1+ 39. Kh2 g4 40. hxg4 Rh8+ 41. Kg3 f4+ 42. Kf2 e3+ 43. Rxe3+ fxe3+ 44. Kxe3 Rc5 45. Rxb5 Rxb5 46. Kf3 Ra8 47. Kg3 Rxa2 48. Kh4 Rxb3 49. g3 Rh2+ 50. Kg5 Rxg3 51. Kg6 Rxg4+ 52. Kf7 Kf5 53. Ke7 Rd2 54. Ke8 Rg7 55. Kf8 Ra7 56. Ke8 Rd3 57. Kf8 Rd8# 0-1


[Site "https://www.chess.com"]

[Event "Titled Tuesday Blitz February 07 Late 2023"]
[White "Vasquez Schroeder, Rodrigo"]
[Black "Osmak, Yuliia"]
[WhiteFideId "3400042"]
[BlackFideId "14101602"]
[WhiteElo "2524"]
[BlackElo "2440"]
[Result "1-0"]
[Round "03"]
[TimeControl "180+2"]
[Date "2023.02.07"]
[WhiteClock "0:00:18"]
[BlackClock "0:00:01"]

1. d4 f5 2. c4 e6 3. g3 Nf6 4. Bg2 d5 5. Nf3 Bd6 6. Qc2 c6 7. Bf4 Bxf4 8. gxf4 O-O 9. O-O Nbd7 10. cxd5 cxd5 11. Rc1 Ne4 12. Qc7 Ndf6 13. Ne5 Nd7 14. Qxd8 Rxd8 15. Nd3 b6 16. f3 Nef6 17. Kf2 Ba6 18. Nb4 Rac8 19. Na3 Bb7 20. Nb5 a5 21. Nd3 Ba6 22. a4 Bxb5 23. axb5 Rc4 24. b3 Rxd4 25. Rc6 Nh5 26. Ke3 Rxd3+ 27. exd3 d4+ 28. Kxd4 Nc5+ 29. Kc4 Nxf4 30. Bf1 Nd7 31. d4 Nd5 32. Rxe6 N7f6 33. Rae1 Rc8+ 34. Rc6 Rd8 35. Re5 f4 36. Bd3 Ne3+ 37. Kc3 Nfd5+ 38. Kd2 Nb4 39. Bc4+ Kf8 40. Rc7 Rxd4+ 41. Kc3 Rd8 42. Rf7+ Kg8 43. Rd7+ 1-0


[Site "https://www.chess.com"]

[Event "Titled Tuesday Blitz February 07 Late 2023"]
[White "Bikuzhin, Maksim"]
[Black "Estrada Nieto, Julian"]
[WhiteFideId "24128015"]
[BlackFideId "5101018"]
[WhiteElo "2279"]
[BlackElo "2215"]
[Result "1-0"]
[Round "03"]
[TimeControl "180+2"]
[Date "2023.02.07"]
[WhiteClock "0:01:35"]
[BlackClock "0:00:01"]

1. e4 e5 2. Nf3 Nc6 3. Bc4 Bc5 4. c3 Nf6 5. d4 exd4 6. O-O d6 7. cxd4 Bb6 8. Nc3 O-O 9. Bb3 Bg4 10. Be3 Re8 11. Qd3 Bxf3 12. gxf3 Qd7 13. Kg2 Nh5 14. Ne2 Ne7 15. Ng3 Nf6 16. h3 Ng6 17. Kh2 Nh4 18. Bg5 Ng6 19. f4 h6 20. f5 hxg5 21. fxg6 d5 22. e5 c6 23. exf6 gxf6 24. gxf7+ Qxf7 25. Bc2 Re7 26. Nf5 Bc7+ 27. Kg2 Re4 28. Nh6+ 1-0


[Site "https://www.chess.com"]

[Event "Titled Tuesday Blitz February 07 Late 2023"]
[White "Sanal, Vahap"]
[Black "Sztokbant, Bernardo Vainzoff"]
[WhiteFideId "6300545"]
[BlackFideId "2115956"]
[WhiteElo "2600"]
[BlackElo "2213"]
[Result "1-0"]
[Round "03"]
[TimeControl "180+2"]
[Date "2023.02.07"]
[WhiteClock "0:02:30"]
[BlackClock "0:01:22"]

1. Nf3 g6 2. e4 Bg7 3. d4 d6 4. Bd3 Nf6 5. c3 O-O 6. O-O Nc6 7. Be3 e5 8. Nbd2 Ng4 9. Bg5 f6 10. Bh4 Qe8 11. h3 Nh6 12. Bg3 f5 13. dxe5 dxe5 14. Bc4+ Kh8 15. Re1 Qe7 16. exf5 Nxf5 17. Bh2 Nd6 18. Bd5 Bd7 19. Bxc6 Bxc6 20. Nxe5 Qf6 21. Ndf3 Be8 22. Ng4 Qf5 23. Be5 Bc6 24. Bxg7+ Kxg7 25. Qd4+ 1-0


[Site "https://www.chess.com"]

[Event "Titled Tuesday Blitz February 07 Late 2023"]
[White "Mendez Fortes, Eduardo Jesus"]
[Black "Zierk, Steven"]
[WhiteFideId "3502376"]
[BlackFideId "2034255"]
[WhiteElo "2250"]
[BlackElo "2488"]
[Result "0-1"]
[Round "03"]
[TimeControl "180+2"]
[Date "2023.02.07"]
[WhiteClock "0:00:15"]
[BlackClock "0:01:08"]

1. e4 e6 2. d4 d5 3. Nd2 c5 4. exd5 Qxd5 5. Ngf3 cxd4 6. Bc4 Qd7 7. O-O Nc6 8. Nb3 Nf6 9. Nbxd4 Nxd4 10. Nxd4 a6 11. Re1 Bc5 12. c3 b5 13. Bb3 Bxd4 14. cxd4 Bb7 15. Bg5 Nd5 16. Qf3 O-O 17. Qg3 Rfe8 18. h4 f6 19. Bxd5 Qxd5 20. Bxf6 Qxg2+ 21. Qxg2 Bxg2 22. Bxg7 Bd5 23. Be5 Kf7 24. Kh2 Rg8 25. Bg3 Rac8 26. a4 b4 27. Rac1 b3 28. a5 Rc2 29. h5 Rg5 30. Kh3 Bf3 31. Bf4 Rxh5+ 32. Kg3 Bc6 33. Rxc2 bxc2 34. Rc1 Be4 35. Be5 Bf5 36. f3 Rg5+ 37. Kf2 Rg8 38. Bd6 h5 39. b4 h4 40. Be5 h3 41. Ke3 Ke7 42. Ra1 Kd7 43. b5 axb5 44. a6 Kc6 45. a7 Kb7 46. Bb8 Ka8 47. Kd2 Rg2+ 48. Kc3 h2 49. Rh1 Rg1 50. Rxh2 c1=Q+ 51. Kb4 Qc4+ 52. Ka5 Ra1+ 53. Kb6 Qxd4+ 54. Kc6 Ra6+ 55. Kc7 Qd6+ 56. Kc8 e5# 0-1


[Site "https://www.chess.com"]

[Event "Titled Tuesday Blitz February 07 Late 2023"]
[White "Sivakumar, Shaaketh"]
[Black "Chigaev, Maksim"]
[WhiteFideId "30940176"]
[BlackFideId "4108116"]
[WhiteElo "2337"]
[BlackElo "2628"]
[Result "0-1"]
[Round "03"]
[TimeControl "180+2"]
[Date "2023.02.07"]
[WhiteClock "0:01:06"]
[BlackClock "0:01:09"]

1. e4 c5 2. Nf3 e6 3. g3 Nc6 4. Bg2 Nf6 5. Qe2 e5 6. c3 Be7 7. O-O O-O 8. Na3 Re8 9. Nc2 Bf8 10. d3 h6 11. Rd1 d5 12. h3 d4 13. Rb1 b5 14. a4 bxa4 15. Na3 Be6 16. Nc4 Nd7 17. Ra1 Bxc4 18. dxc4 Nb6 19. Bf1 Qc8 20. h4 Qe6 21. h5 Rad8 22. Nh4 Na5 23. Nf5 Nb3 24. Ra3 Nxc1 25. Rxc1 d3 26. Qg4 Nxc4 27. Rxa4 Nxb2 28. Rxa7 d2 29. Rd1 Nxd1 30. Qxd1 Kh8 31. Bb5 Qb6 32. Bxe8 Qxa7 33. Bc6 Qa3 34. c4 Qc1 35. Ne3 Rd3 36. Ba4 Be7 37. Kf1 Bg5 38. Ke2 Ra3 39. Bc2 Bxe3 40. fxe3 Rc3 41. Ba4 Qxd1+ 42. Bxd1 Rxc4 43. Kd3 Rb4 44. Bf3 Rb2 45. Kc3 Ra2 46. Kb3 Ra1 47. Kc2 Rg1 48. g4 Rg3 49. Bh1 d1=Q+ 50. Kxd1 Rg1+ 0-1


[Site "https://www.chess.com"]

[Event "Titled Tuesday Blitz February 07 Late 2023"]
[White "Suleymanli, Aydin"]
[Black "Kokoszczynski, Jan"]
[WhiteFideId "13413937"]
[BlackFideId "1174460"]
[WhiteElo "2560"]
[BlackElo "2247"]
[Result "1-0"]
[Round "03"]
[TimeControl "180+2"]
[Date "2023.02.07"]
[WhiteClock "0:00:27"]
[BlackClock "0:00:02"]

1. e4 e5 2. Nf3 Nc6 3. Nc3 Nf6 4. d4 exd4 5. Nd5 Nb4 6. Nxf6+ Qxf6 7. e5 Qb6 8. Bc4 d5 9. Bb3 Be6 10. Nxd4 Bc5 11. Be3 Nc6 12. Nxe6 Bxe3 13. Nxg7+ Kf8 14. Nf5 Bxf2+ 15. Kf1 Nxe5 16. Qxd5 Re8 17. g4 h5 18. h3 Bc5 19. Re1 Qc6 20. Rxe5 Qxd5 21. Rxd5 Bb6 22. Rd7 1-0


[Site "https://www.chess.com"]

[Event "Titled Tuesday Blitz February 07 Late 2023"]
[White "Schekachikhin, Maksim"]
[Black "Krzyzanowski, Marcin"]
[WhiteFideId "24177830"]
[BlackFideId "1132199"]
[WhiteElo "2371"]
[BlackElo "2512"]
[Result "1-0"]
[Round "03"]
[TimeControl "180+2"]
[Date "2023.02.07"]
[WhiteClock "0:00:17"]
[BlackClock "0:00:01"]

1. b3 d5 2. Bb2 Bf5 3. d3 e6 4. Nd2 h6 5. g3 Bh7 6. Bg2 c6 7. e4 Nd7 8. Qe2 Ngf6 9. h4 a5 10. a4 dxe4 11. dxe4 Bb4 12. O-O-O Qe7 13. Nc4 O-O 14. g4 b5 15. g5 bxc4 16. gxf6 Nxf6 17. Qxc4 Ng4 18. Nh3 e5 19. Bf3 Qxh4 20. Rdg1 Nxf2 21. Nxf2 Qxf2 22. Bxe5 g5 23. Rf1 Qe3+ 24. Kb1 Rae8 25. Bd4 Qd2 26. Rxh6 g4 27. Rfh1 Qxh6 28. Rxh6 gxf3 29. Qf1 Re6 30. Rh3 Rd8 31. Rxf3 Rxd4 32. Qg1+ Bg6 33. Qxd4 Rxe4 34. Qd8+ Kg7 35. Qf6+ Kg8 36. Rh3 Re1+ 37. Kb2 Ba3+ 38. Kxa3 1-0


[Site "https://www.chess.com"]